 Dungeon Crawl Stone Soup version 0.32-a0-468-g38b2580584 (webtiles) character file.

Game seed: 4946815862205038913

2323987 HyperOdds the Cloud Mage (level 25, 231/231 HPs)
             Began as a Demigod Earth Elementalist on Feb 22, 2024.
             Escaped with the Orb
             ... and 4 runes on Feb 24, 2024!
             The game lasted 03:49:10 (69935 turns).

HyperOdds the Cloud Mage (DgEE)                    Turns: 69935, Time: 03:49:10

Health: 231/231    AC: 16    Str: 15    XL:     25   Next: 50%
Magic:  47/47      EV: 19    Int: 61    God:
Gold:   5440       SH: 28    Dex: 17    Spells: 7/52 levels left

rFire   + . .        k - +1 short sword of Plog {drain, rF+ Int+2 Dex+4 Stlth+}
rCold   + + .        o - +9 kite shield of the Archfiend {Int+2 Slay+3}
rNeg    + . .        w - +2 troll leather armour of the Arcane {rPois Regen+ Int+5 Stlth-}
rPois   +            m - +0 helmet of Pandemonium {Will+ Dex-3 Slay+6 Stlth+}
rElec   +            p - +2 cloak {Will+}
rCorr   +            e - +2 pair of gloves {Str+3}
SInv    .            G - +2 pair of boots {Fly}
Will    ++++.        s - amulet of Zianism {RegenMP rN+}
Stlth   ++           d - ring "Hubbee" {rElec rC++ rCorr}
HPRegen 1.38/turn    j - ring "Varupety" {rC+ Int+4}
MPRegen 0.70/turn

%: no passive effects
@: flying, studying Throwing
A: high MP 1, forlorn, divine attributes, large bone plates 1, clever 1, sense
surroundings 1, strong 1, cold vulnerability 1
0: Orb of Zot
}: 4/15 runes: barnacled, slimy, silver, gossamer
a: no special abilities


You escaped.
You visited 10 branches of the dungeon, and saw 52 of its levels.
You also visited: Trove, Gauntlet, Ice Cave, Wizlab and Desolation.

You collected 8145 gold pieces.
You spent 2705 gold pieces at shops.

Inventory:

Hand Weapons
 k - the +1 short sword of Plog (weapon) {drain, rF+ Int+2 Dex+4 Stlth+}
   (You found it in the Desolation of Salt)

   Int+2:     It affects your intelligence (+2).
   Dex+4:     It affects your dexterity (+4).
   rF+:       It protects you from fire.
   Stlth+:    It makes you more stealthy.
Armour
 e - a +2 pair of gloves of strength (worn)
 m - the +0 helmet of Pandemonium (worn) {Will+ Dex-3 Slay+6 Stlth+}
   (You found it in a Gauntlet)

   Dex-3:     It affects your dexterity (-3).
   Slay+6:    It affects your accuracy & damage with ranged weapons and melee
   (+6).
   Will+:     It increases your willpower.
   Stlth+:    It makes you more stealthy.
 o - the +9 kite shield of the Archfiend (worn) {Int+2 Slay+3}
   (You acquired it on level 3 of the Dungeon)

   Int+2:     It affects your intelligence (+2).
   Slay+3:    It affects your accuracy & damage with ranged weapons and melee
   (+3).
 p - a +2 cloak of willpower (worn)
 w - the +2 troll leather armour of the Arcane (worn) {rPois Regen+ Int+5 Stlth-}
   (You bought it in a shop on level 2 of the Orcish Mines)

   Int+5:     It affects your intelligence (+5).
   rPois:     It protects you from poison Regen+: It increases your rate of
   health regeneration.
   Stlth-:    It makes you less stealthy.
 G - a +2 pair of boots of flying (worn)
Jewellery
 d - the ring "Hubbee" (left hand) {rElec rC++ rCorr}
   (You took it off a deep elf annihilator on level 3 of the Elven Halls)

   [ring of resist corrosion]

   rC++:      It greatly protects you from cold.
   rElec:     It insulates you from electricity.
   rCorr:     It protects you from acid and corrosion.
 f - the ring of Modesty {Fire rElec rN+ Str+2}
   (You found it in a treasure trove)

   [ring of fire]

   Fire:      It enhances your fire magic.
   Str+2:     It affects your strength (+2).
   rF+:       It protects you from fire.
   rC-:       It makes you vulnerable to cold.
   rElec:     It insulates you from electricity.
   rN+:       It protects you from negative energy.
 j - the ring "Varupety" (right hand) {rC+ Int+4}
   (You acquired it on level 3 of the Dungeon)

   [ring of protection from cold]

   Int+4:     It affects your intelligence (+4).
   rC+:       It protects you from cold.
 s - the amulet of Zianism (around neck) {RegenMP rN+}
   (You acquired it on level 4 of the Dungeon)

   [amulet of magic regeneration]

   RegenMP:   It increases your rate of magic regeneration.
   rN+:       It protects you from negative energy.
 C - a +6 ring of intelligence
 F - a ring of protection from fire
 S - a ring of see invisible
 U - the ring "Soenihix" {rElec rN+ rCorr Str+6}
   (You took it off a deep elf knight on level 2 of the Elven Halls)

   [ring of strength]

   Str+6:     It affects your strength (+6).
   rElec:     It insulates you from electricity.
   rN+:       It protects you from negative energy.
   rCorr:     It protects you from acid and corrosion.
Wands
 i - a wand of charming (49)
 D - a wand of digging (60)
 K - a wand of flame (116)
 N - a wand of mindburst (30)
 Q - a wand of iceblast (56)
 V - a wand of light (63)
Scrolls
 a - 7 scrolls of enchant armour
 c - 6 scrolls of amnesia
 g - 7 scrolls of fear
 r - a scroll of acquirement
 t - 11 scrolls of teleportation
 v - 5 scrolls of fog
 x - 8 scrolls of immolation
 y - 11 scrolls of vulnerability
 z - a scroll of brand weapon
 B - 3 scrolls of blinking
 H - 11 scrolls of poison
 I - 4 scrolls of butterflies
 M - 11 scrolls of noise
 P - a scroll of torment
Potions
 b - 4 potions of magic
 h - 4 potions of haste
 l - 2 potions of heal wounds
 n - 8 potions of resistance
 q - 18 potions of curing
 A - 14 potions of enlightenment
 E - 3 potions of cancellation
 J - 2 potions of invisibility
 O - 11 potions of ambrosia
 X - 7 potions of mutation
 Z - 11 potions of brilliance
Miscellaneous
 u - a phial of floods
 L - a condenser vane
 R - a lightning rod (4/4)
 T - a box of beasts
 Y - a phantom mirror


   Skills:
 + Level 19.9 Fighting
 - Level 1.6 Maces & Flails
 + Level 4.6 Armour
 * Level 13.0 Dodging
 + Level 9.1 Stealth
 + Level 18.8 Shields
 + Level 14.3 Spellcasting
 - Level 10.8 Conjurations
 - Level 5.0 Hexes
 * Level 22.5 Air Magic
 - Level 8.0 Earth Magic
 - Level 9.0 Alchemy
 * Level 15.6 Evocations


You had 7 spell levels left.
You knew the following spells:

 Your Spells              Type           Power      Damage    Failure   Level
a - Airstrike             Air            72%        2d(11-27) 0%          4
b - Conjure Ball Lightni  Conj/Air       64%        3x3d23    1%          6
i - Iskenderun's Battles  Conj           100%       2d15      1%          5
j - Arcjolt               Conj/Air       64%        1d74      0%          5
m - Maxwell's Capacitive  Air            72%        ∞         1%          8
o - Olgreb's Toxic Radia  Alch           100%       N/A       1%          4
r - Irradiate             Conj/Alch      52%        3d29      1%          5
y - Yara's Violent Unrav  Hex/Alch       46%        3d18      1%          5
S - Swiftness             Air            100%       N/A       0%          3

Your spell library contained the following spells:

 Spells                   Type           Power      Damage    Failure   Level
 Magic Dart               Conj           100%       1d8       0%          1
 Shock                    Conj/Air       100%       1d9       0%          1
 Sting                    Conj/Alch      100%       1d9       0%          1
 Cigotuvi's Dreadful Rot  Necr/Alch/Air  100%       N/A       0%          2
 Mercury Vapours          Alch/Air       100%       N/A       0%          2
 Searing Ray              Conj           100%       2d8       0%          2
 Static Discharge         Conj/Air       100%       3-8/arc   0%          2
 Mephitic Cloud           Conj/Alch/Air  100%       N/A       0%          3
 Apportation              Tloc           86%        N/A       1%          1
 Freeze                   Ice            100%       1d10      1%          1
 Sandblast                Erth           100%       2d20      1%          1
 Slow                     Hex            100%       N/A       1%          1
 Summon Small Mammal      Summ           100%       N/A       1%          1
 Blink                    Tloc           86%        N/A       1%          2
 Call Imp                 Summ           86%        N/A       1%          2
 Ensorcelled Hibernation  Hex/Ice        100%       N/A       1%          2
 Jinxbite                 Hex            100%       N/A       1%          2
 Lesser Beckoning         Tloc           86%        N/A       1%          2
 Momentum Strike          Conj/Tloc      100%       3d10      1%          2
 Sublimation of Blood     Necr           43%        N/A       1%          2
 Call Canine Familiar     Summ           43%        N/A       1%          3
 Confusing Touch          Hex            81%        N/A       1%          3
 Dazzling Flash           Conj/Hex       100%       N/A       1%          3
 Frozen Ramparts          Ice            86%        1d13      1%          3
 Fugue of the Fallen      Necr           43%        N/A       1%          3
 Gell's Gravitas          Tloc           43%        N/A       1%          3
 Hailstorm                Conj/Ice       83%        3d14      1%          3
 Inner Flame              Hex/Fire       65%        N/A       1%          3
 Ozocubu's Armour         Ice            43%        N/A       1%          3
 Passwall                 Erth           96%        N/A       1%          3
 Sigil of Binding         Hex            81%        N/A       1%          3
 Stone Arrow              Conj/Erth      100%       3d13      1%          3
 Teleport Other           Tloc           43%        N/A       1%          3
 Tukima's Dance           Hex            81%        N/A       1%          3
 Vampiric Draining        Necr           43%        2d9       1%          3
 Volatile Blastmotes      Fire/Tloc      86%        2d17      1%          3
 Anguish                  Hex/Necr       32%        N/A       1%          4
 Animate Armour           Summ/Erth      100%       N/A       1%          4
 Brom's Barrelling Bould  Conj/Erth      100%       2d11      1%          4
 Flame Wave               Conj/Fire      83%        2d18      1%          4
 Fulminant Prism          Conj/Alch      52%        3d23      1%          4
 Ignite Poison            Fire/Alch      78%        N/A       1%          4
 Petrify                  Alch/Erth      99%        N/A       1%          4
 Sticky Flame             Fire/Alch      78%        2d12      1%          4
 Summon Lightning Spire   Summ/Air       100%       N/A       1%          4
 Vhi's Electric Charge    Tloc/Air       100%       N/A       1%          4
 Alistair's Intoxication  Alch           67%        N/A       1%          5
 Fireball                 Conj/Fire      41%        3d17      1%          5
 Freezing Cloud           Conj/Ice/Air   54%        6-21      1%          5
 Silence                  Hex/Air        59%        N/A       1%          5
 Bombard                  Conj/Erth      51%        9d9       1%          6
 Eringya's Noxious Bog    Alch           50%        4d6       1%          6
 Borgnjor's Vile Clutch   Necr/Erth      37%        N/A       2%          5
 Animate Dead             Necr           43%        N/A       4%          4
 Manifold Assault         Tloc           43%        N/A       4%          4
 Passage of Golubria      Tloc           43%        N/A       4%          4
 Summon Blazeheart Golem  Fire/Summ      43%        N/A       4%          4
 Metabolic Englaciation   Hex/Ice        32%        N/A       4%          5
 Orb of Destruction       Conj           54%        9d14      4%          7
 Starburst                Conj/Fire      41%        6d12      8%          6
 Sculpt Simulacrum        Ice/Alch       39%        N/A       12%         6
 Summon Forest            Summ/Tloc      21%        N/A       14%         5
 Spellforged Servitor     Conj/Summ      41%        N/A       41%         7
 Enfeeble                 Hex            40%        N/A       47%         7
 Death Channel            Necr           21%        N/A       58%         6
 Dispersal                Tloc           21%        N/A       58%         6
 Haunt                    Necr/Summ      21%        N/A       99%         7
 Malign Gateway           Summ/Tloc      21%        N/A       99%         7
 Ozocubu's Refrigeration  Ice            21%        4d12      99%         7
 Summon Hydra             Summ           21%        N/A       99%         7
 Lehudib's Crystal Spear  Conj/Erth      51%        10d12     54%         8
 Discord                  Hex            40%        N/A       99%         8
 Borgnjor's Revivificati  Necr           21%        N/A       100%        8
 Disjunction              Tloc           21%        N/A       100%        8
 Infestation              Necr           21%        N/A       100%        8
 Summon Horrible Things   Summ           21%        N/A       100%        8
 Death's Door             Necr           21%        N/A       100%        9
 Polar Vortex             Ice            21%        12d2*     100%        9


Dungeon Overview and Level Annotations

Branches:
Dungeon (15/15)            Temple (0/1) D:5            Lair (5/5) D:8
 Shoals (4/4) Lair:3       Spider (4/4) Lair:3        Slime (5/5) Lair:4
    Orc (2/2) D:9             Elf (3/3) Orc:2        Vaults (5/5) D:13
  Crypt (0/3) Vaults:3     Depths (4/4) D:15            Zot (5/5) Depths:4
  IceCv (visited)          WizLab (visited)         Desolation (visited)
Gauntlet (visited)

Shops:
D:11 [   Orc:2 [[[:   Shoals:1 *[:   Vaults:4 *   Vaults:5 *   Depths:3 [

Portals:
Hell: Depths:1 Depths:2 Depths:3 Depths:4
Abyss: Depths:1 Depths:3
Pandemonium: Depths:2 Depths:3
Ziggurat: Depths:1

Annotations:
D:7 1 runed translucent door, Crazy Yiuf
D:10 3 runed translucent doors, Vorhees's ghost, journeyman DjCj
D:14 Roxanne
Lair:3 Rupert
Spider:1 exclusion: ghost moth
Orc:2 3 runed translucent doors, Konar's ghost, journeyman CoHu
Elf:1 3 runed translucent doors, Goivuek's ghost, adept CoGl; Konar's ghost, adept CoHu
Elf:2 3 runed translucent doors
Vaults:4 1 runed translucent door, Fieg's ghost, veteran HuWn
Zot:5 exclusions: upstairs and 1 more exclusion


Innate Abilities, Weirdness & Mutations

You have an increased reservoir of magic. (+10% MP)
You shall have no god before yourself.
Your divine heritage dramatically boosts your attributes as you level up.
You are partially covered in large bone plates. (SH +4)
Your mind is acute. (Int +4, Str/Dex -1)
You passively map a small area around you.
Your muscles are strong. (Str +4, Int/Dex -1)
You are vulnerable to cold. (rC-)


Message History

There is an open door here.
A seraph, a cherub and an angel come into view.
The seraph is wielding a +4 great sword of flaming.
The cherub is wielding a +3 scimitar of flaming.
The angel is wielding a +1 whip of holy wrath.
Danger!
Unknown command.
Unknown command.
The cherub's human head shouts!
The angel shouts!
Unknown command.
Unknown command.
Unknown command.
You feel yourself speed up.
The seraph gestures.
Unknown command.
The seraph gestures.
The seraph begins to accept its allies' injuries.
Unknown command.
The seraph gestures.
The cherub sings a powerful hymn!
The angels go into a battle-frenzy!
There is a stone staircase leading up here.
Danger!
Unknown command.
You fly upwards.
There is a stone staircase leading down here.
Unknown command.
(D) Dungeon (T) Temple (L) Lair (A) Shoals (N) Spider Nest (M) Slime Pits (O) Orcish Mines (E) Elven Halls (V) Vaults (C) Crypt (U) Depths (H) Hell (Z) Zot
Where to? (Tab/Enter - D:1 @ (x,y), ? - help)
There is a stone staircase leading up here.
You fly upwards.
There is a stone staircase leading down here.
Your extra speed is starting to run out.
You feel yourself slow down.
There is an open door here.
There is an open door here.
There is an open door here.
There is a staircase leading out of the dungeon here.
Unknown command.
You have escaped!

♣#..#........#..#
#..#.P.P....#..#
#..#..P.P..ß#..#
#..#.P......#..#
#..#..P.....#..#
#'##........##'#
##..##########..##
#....#......'....#
#....'......#...@#
##..##########..##
#### ####


There were no monsters in sight!

Vanquished Creatures
  the Royal Jelly (Slime:5)
  4 dread liches
  Frederick (Depths:4)
  Mennas (Vaults:3)
  9 orbs of fire
  5 ancient liches
  A juggernaut (Depths:3)
  Boris (Vaults:1)
  4 Killer Klowns (Zot:5)
  2 antique champions (WizLab)
  Saint Roka (Orc:2)
  3 caustic shrikes (Depths:2)
  7 golden dragons
  the Enchantress (Depths:4)
  A bone dragon (Depths:2)
  2 electric golems (Zot:5)
  2 Ice Fiends
  Jorgrun (Orc:1)
  9 liches
  11 tentacled monstrosities
  A Hell Sentinel (D:15)
  27 Orb Guardians
  6 quicksilver dragons
  7 titans
  2 deep elf blademasters (Elf:3)
  8 sphinxes
  19 acid blobs
  2 deep elf master archers
  A walking frostbound tome (Depths:3)
  2 death cobs
  Polyphemus (Shoals:2)
  An ancient champion (WizLab)
  15 shadow dragons
  10 tengu reavers
  Kirke (D:11)
  10 storm dragons
  Aizul (Vaults:2)
  7 rockslimes
  3 draconian monks
  7 draconian knights
  2 iron dragons
  2 emperor scorpions
  21 vault wardens
  11 azure jellies
  2 deep elf elementalists (Elf:3)
  2 draconian scorchers (Zot:5)
  A draconian shifter (Zot:5)
  7 ghost moths
  13 deep elf sorcerers
  6 fire giants
  2 balrugs
  An angel (Elf:2)
  4 frost giants
  9 quicksilver oozes
  A reaper (D:13)
  8 spriggan defenders
  6 draconian annihilators
  15 ironbound preservers
  5 spectral caustic shrikes (Depths:4)
  An orc warlord (Vaults:2)
  A ghoul (WizLab)
  A broodmother (Spider:4)
  2 draconian stormcallers
  13 very ugly things
  3 ironbound thunderhulks
  3 formless jellyfish (Slime:5)
  A green draconian (Depths:4)
  A vampire knight (Depths:3)
  5 deep elf demonologists
  11 stone giants
  8 purple draconians
  20 dire elephants
  9 deep elf annihilators
  12 spark wasps
  4 yellow draconians
  14 deep elf death magi
  4 red draconians
  6 black draconians
  A minotaur (Gauntlet)
  7 war gargoyles
  7 white draconians (Zot:5)
  4 merfolk javelineers
  8 ettins
  2 crystal guardians (Desolation)
  16 yaktaur captains
  A blizzard demon (Depths:2)
  A jiangshi (WizLab)
  13 deep elf high priests
  12 fire dragons
  4 merfolk impalers
  9 ice dragons
  5 entropy weavers
  3 rakshasas
  10 great orbs of eyes
  11 ragged hierophants (Desolation)
  Erolcha (D:12)
  A spriggan skeleton (Depths:1)
  9 hydras
  9 servants of whispers (Desolation)
  Harold (Orc:1)
  2 hell beasts
  7 ogre magi
  10 ironbound frosthearts
  5 radroaches
  3 alligator snapping turtles
  A death knight (D:15)
  7 spriggan air magi
  45 vault guards
  27 centaur warriors
  2 merfolk avatars (Shoals:3)
  8 peacekeepers
  3 catoblepae
  2 boulder beetles (D:14)
  A ghost crab (Gauntlet)
  19 two-headed ogres
  7 dancing weapons
  A boulder beetle (shapeshifter) (Vaults:5)
  19 tengu warriors
  A jorogumo (Spider:3)
  9 deep troll shamans
  A satyr (Shoals:3)
  5 merfolk aquamancers
  9 death yaks
  10 hell hogs
  5 demonic crawlers
  9 deep troll earth magi
  A vampire mage (Vaults:3)
  13 spriggan berserkers
  A titan zombie (Depths:1)
  2 storm dragon zombies
  A shock serpent (shapeshifter) (Depths:3)
  Sonja (D:11)
  Urug (D:9)
  10 sun demons
  6 hell knights
  11 deep elf knights
  11 soul eaters
  2 sixfirhies (D:10)
  8 pharaoh ants
  2 shadow wraiths (Depths:2)
  13 skeletal warriors
  A fire crab (Lair:3)
  Amaemon (D:9)
  34 deep trolls
  A golden dragon zombie (Depths:1)
  6 skysharks
  11 glowing orange brains
  A shadow demon (D:15)
  A deep troll (shapeshifter) (Depths:3)
  12 iron trolls
  3 spark wasp zombies (Depths:1)
  A flayed ghost (Depths:3)
  5 orb spiders
  3 tengu zombies (Depths:1)
  A swamp dragon (shapeshifter) (Depths:3)
  8 deep elf archers
  4 golden dragon skeletons
  A sun moth (Spider:2)
  9 steelbarb worms
  A sun moth (shapeshifter) (Depths:3)
  A snapping turtle (shapeshifter) (Vaults:5)
  10 sea snakes
  6 harpies
  24 deep elf zephyrmancers
  7 phantasmal warriors
  6 lindwurms
  An arcanist (D:14)
  3 necromancers
  27 deep elf pyromancers
  5 orc knights
  25 ironbound convokers
  3 shadow dragon zombies
  An iron dragon zombie (Depths:1)
  A shadow dragon skeleton (Depths:3)
  11 ugly things
  31 wolf spiders
  2 frost giant zombies (Depths:1)
  3 shining eyes
  An orc sorcerer (Elf:2)
  16 manticores
  4 stone giant zombies
  5 cyclopes
  A large abomination (D:5)
  16 fauns
  Maurice (D:9)
  2 fire giant zombies (Depths:1)
  A meliai (shapeshifter) (Elf:2)
  16 moths of wrath
  7 meliai
  6 merfolk sirens
  5 smoke demons
  13 elephants
  2 rust devils (D:10)
  3 water nymphs
  3 ice statues
  2 molten gargoyles (Desolation)
  7 black mambas
  6 guardian serpents (Desolation)
  6 torpor snails
  An eye of devastation (Slime:2)
  17 vault sentinels
  3 gargoyles
  5 orange demons
  A storm dragon simulacrum (WizLab)
  3 hellions (Depths:1)
  11 cane toads
  7 komodo dragons
  3 kobold demonologists (D:10)
  2 cane toads (shapeshifter)
  2 efreet (D:14)
  8 rime drakes
  35 yaktaurs
  9 unseen horrors
  9 tengu conjurers
  A golden dragon simulacrum (WizLab)
  3 freezing wraiths
  8 trolls
  A queen bee (D:15)
  A komodo dragon (shapeshifter) (Vaults:5)
  2 red devils
  7 hornets
  26 merfolk
  A merfolk (shapeshifter) (Vaults:5)
  A hellwing (D:13)
  3 polar bears
  A wolf spider simulacrum (D:15)
  17 tarantellas
  Prince Ribbit (D:7)
  22 blink frogs
  6 glass eyes
  3 spriggan zombies (Depths:1)
  7 wind drakes
  9 snapping turtles
  12 dream sheep
  71 saltlings (Desolation)
  2 ettin zombies (Depths:1)
  A stone giant simulacrum (WizLab)
  23 jumping spiders
  A centaur simulacrum (D:12)
  25 culicivoras
  14 water elementals
  8 spriggans
  4 air elementals
  93 slime creatures
  A shadow (D:11)
  4 wraiths
  4 wyverns
  5 basilisks
  49 yaks
  6 vampires
  A spriggan (shapeshifter) (Vaults:4)
  A fire elemental (Elf:2)
  3 wargs (Orc:1)
  6 hogs
  2 ynoxinuls (D:10)
  8 golden eyes
  A neqoxec (Depths:1)
  57 redbacks
  2 redbacks (shapeshifter)
  Grum (D:8)
  A steam dragon (Lair:1)
  16 vampire mosquitoes
  A chaos spawn (D:10)
  A glowing shapeshifter zombie (Depths:1)
  4 acid dragons
  2 human zombies (Depths:1)
  A glowing shapeshifter skeleton (Depths:3)
  16 water moccasins
  A deep troll skeleton (WizLab)
  5 ice beasts
  4 black bears
  A swamp dragon zombie (WizLab)
  2 ettin simulacra (Depths:2)
  20 orc warriors
  A crocodile (shapeshifter) (D:13)
  24 ogres
  3 boggarts (Vaults:3)
  32 wolves
  9 centaurs
  11 bullfrogs
  2 kobold brigands
  2 earth elementals
  4 scorpions
  2 gnoll sergeants
  2 wights
  31 killer bees
  5 lindwurm simulacra (IceCv)
  A cyclops skeleton (WizLab)
  A swamp dragon simulacrum (WizLab)
  6 electric eels
  2 howler monkeys
  4 crimson imps (Gauntlet)
  2 bombardier beetles
  5 komodo dragon simulacra (IceCv)
  3 quasits (D:10)
  A gnoll bouda (D:8)
  A jelly (D:5)
  13 orc priests
  3 sleepcaps
  17 orc wizards
  Robin (D:4)
  18 gnolls
  8 acid dragon simulacra (IceCv)
  8 adders
  2 shadow imps (D:7)
  A white imp (D:6)
  3 steam dragon simulacra (IceCv)
  3 dart slugs
  3 ribbon worms (D:3)
  53 orcs
  6 bats
  6 endoplasms
  2 giant cockroaches (D:4)
  9 goblins
  11 hobgoblins
  7 jackals
  11 kobolds
  3 quokkas
  6 ball pythons
  3 frilled lizards
  10 rats
2342 creatures vanquished.

Vanquished Creatures (collateral kills)
  An angel (Elf:1)
  A ghoul (WizLab)
  An ironbound thunderhulk (Vaults:1)
  2 centaur warriors (Vaults:1)
  A vault guard (Vaults:1)
  A demonic crawler (Spider:2)
  A hell knight (Vaults:5)
  An ironbound convoker (Desolation)
  An orc sorcerer (Orc:2)
  3 orc warriors (Orc:2)
  An orc priest (Orc:2)
  An orc wizard (D:9)
  3 ball lightnings
  38 boulders
56 creatures vanquished.

Vanquished Creatures (others)
  2 quicksilver dragon simulacra (Depths:2)
  A merfolk (Shoals:4)
  4 ettin simulacra (Depths:2)
  An orc (Orc:2)
  768 ball lightnings
  18 boulders
794 creatures vanquished.

Grand Total: 3192 creatures vanquished

Notes
Turn   | Place    | Note
-------+----------+-------------------------------------------
     0 | D:1      | HyperOdds the Demigod Earth Elementalist began the quest
                  | for the Orb.
     0 | D:1      | Reached XP level 1. HP: 14/14 MP: 5/5
    95 | D:1      | Reached skill level 1 in Conjurations
   439 | D:1      | Reached XP level 2. HP: 20/20 MP: 5/7
  1324 | D:2      | Reached XP level 3. HP: 22/26 MP: 3/8
  1368 | D:2      | Learned a level 3 spell: Stone Arrow
  1671 | D:3      | Noticed a wight
  1900 | D:3      | Reached XP level 4. HP: 22/33 MP: 4/9
  2978 | D:4      | Identified the +0 ring mail of Pleasant Breezes {Str+5}
  3151 | D:3      | Identified 3 scrolls of acquirement
  3151 | D:3      | Acquired the ring "Varupety" {rC+ Int+4}
  3154 | D:3      | Acquired the +9 kite shield of the Archfiend {Int+2 Slay+3}
  3156 | D:3      | Acquired the +11 flail "Puddef" {flame, rC+ MP+9 Dex+4}
  3241 | D:3      | Reached XP level 5. HP: 38/38 MP: 10/10
  3396 | D:4      | Noticed Robin
  3998 | D:4      | Killed Robin
  4275 | D:4      | Acquired the amulet of Zianism {RegenMP rN+}
  4509 | D:5      | Entered Level 5 of the Dungeon
  4560 | D:5      | Found a staircase to the Ecumenical Temple.
  4635 | D:5      | Reached skill level 1 in Shields
  4639 | D:5      | Reached XP level 6. HP: 46/46 MP: 11/12
  4688 | D:5      | Reached skill level 1 in Fighting
  4940 | D:5      | Reached XP level 7. HP: 52/52 MP: 11/13
  5264 | D:6      | Reached skill level 5 in Earth Magic
  5362 | D:6      | Noticed a yak
  5363 | D:6      | Noticed a yak
  5366 | D:6      | Killed a yak
  5367 | D:6      | Reached skill level 5 in Conjurations
  5374 | D:6      | Killed a yak
  5488 | D:6      | Reached XP level 8. HP: 62/62 MP: 15/15
  6593 | D:7      | Reached XP level 9. HP: 60/70 MP: 15/17
  6638 | D:7      | Learned a level 4 spell: Brom's Barrelling Boulder
  6786 | D:7      | Reached skill level 5 in Shields
  6986 | D:7      | Found a runed translucent door.
  6987 | D:7      | Noticed Crazy Yiuf
  7023 | D:7      | Noticed Prince Ribbit
  7027 | D:7      | Killed Prince Ribbit
  7179 | D:7      | Upgraded the game from 0.32-a0-433-g08bcfe7efd to
                  | 0.32-a0-450-g080537f31e
  7415 | D:8      | Found a staircase to the Lair.
  7625 | D:8      | Noticed Grum
  7630 | D:8      | Killed Grum
  7676 | D:8      | Noticed a manticore
  7688 | D:8      | Killed a manticore
  8046 | Lair:1   | Entered Level 1 of the Lair of Beasts
  8046 | Lair:1   | Noticed a komodo dragon
  8046 | Lair:1   | Noticed a cane toad
  8055 | D:8      | Killed a komodo dragon
  8074 | Lair:1   | Killed a cane toad
  8075 | Lair:1   | Reached XP level 10. HP: 69/80 MP: 20/20
  8165 | Lair:1   | Noticed a black mamba
  8171 | Lair:1   | Killed a black mamba
  8172 | Lair:1   | Reached skill level 5 in Fighting
  8585 | Lair:1   | Reached skill level 5 in Spellcasting
  8743 | Lair:1   | Noticed a catoblepas
  8753 | Lair:1   | Killed a catoblepas
  9231 | Lair:2   | Noticed a seven-headed hydra
  9238 | Lair:2   | Killed a seven-headed hydra
  9324 | Lair:2   | Noticed an eight-headed hydra
  9358 | Lair:2   | Reached XP level 11. HP: 92/92 MP: 22/22
  9415 | Lair:2   | Killed an eight-headed hydra
 10014 | Lair:2   | Reached skill level 1 in Evocations
 10330 | Lair:2   | Noticed a skyshark
 10339 | Lair:2   | Killed a skyshark
 10729 | Lair:3   | Found a staircase to the Shoals.
 10831 | Lair:3   | Noticed Rupert
 11278 | Lair:3   | Noticed a skyshark
 11342 | Lair:3   | Noticed a five-headed hydra
 11357 | Lair:3   | Killed a five-headed hydra
 11436 | Lair:3   | Found a hole to the Spider Nest.
 11615 | Lair:3   | Reached XP level 12. HP: 104/104 MP: 23/23
 11623 | Lair:3   | Reached skill level 10 in Shields
 11724 | Lair:4   | Reached skill level 5 in Stealth
 12004 | Lair:4   | You fall into a shaft and drop 1 floor!
 12004 | Lair:5   | Entered Level 5 of the Lair of Beasts
 12149 | Lair:4   | Found a staircase to the Slime Pits.
 12385 | Lair:5   | Learned a level 5 spell: Arcjolt
 12406 | Lair:5   | Reached skill level 10 in Fighting
 12425 | Lair:5   | Reached skill level 1 in Air Magic
 12539 | Lair:5   | Reached skill level 2 in Air Magic
 12947 | Lair:5   | Reached skill level 3 in Air Magic
 13694 | Lair:5   | Reached XP level 13. HP: 114/114 MP: 13/24
 13772 | Lair:5   | Reached skill level 4 in Air Magic
 13772 | Lair:5   | Reached skill level 5 in Evocations
 14273 | Lair:5   | Noticed a dire elephant
 14317 | Lair:5   | Killed a dire elephant
 14318 | Lair:5   | Reached skill level 5 in Air Magic
 14385 | Lair:5   | Identified the +0 scale mail of Tiskem {Dex+5}
 14841 | D:9      | Noticed Amaemon
 14914 | D:9      | Killed Amaemon
 15023 | D:9      | Found a staircase to the Orcish Mines.
 15077 | Orc:1    | Entered Level 1 of the Orcish Mines
 15151 | Orc:1    | Noticed Urug
 15263 | D:9      | Killed Urug
 15552 | Orc:2    | Entered Level 2 of the Orcish Mines
 15552 | Orc:2    | Noticed Jorgrun
 15667 | Orc:1    | Killed Jorgrun
 15668 | Orc:1    | Reached skill level 6 in Air Magic
 15766 | Orc:2    | Found a gate leading to a gauntlet.
 15775 | Gauntlet | Entered a Gauntlet
 15775 | Gauntlet | Found a transporter.
 15782 | Gauntlet | Found a transporter.
 15784 | Gauntlet | Found a transporter.
 15798 | Gauntlet | Found a transporter.
 15804 | Gauntlet | Found a transporter.
 15810 | Gauntlet | Found a transporter.
 15825 | Gauntlet | Found a transporter.
 15833 | Gauntlet | Noticed a dire elephant
 15836 | Gauntlet | Found a transporter.
 15848 | Gauntlet | Found a transporter.
 15863 | Gauntlet | Found a transporter.
 15878 | Gauntlet | Found a transporter.
 15920 | Gauntlet | Found a transporter.
 15934 | Gauntlet | Found a transporter.
 15945 | Gauntlet | Found a transporter.
 16246 | Gauntlet | Identified the +0 helmet of Pandemonium {Will+ Dex-3 Slay+6
                  | Stlth+}
 16265 | Gauntlet | Noticed a minotaur
 16302 | Gauntlet | Killed a minotaur
 16344 | Orc:1    | Noticed Harold
 16435 | Orc:1    | Killed Harold
 16874 | Orc:2    | Found a staircase to the Elven Halls.
 16961 | Orc:2    | Noticed Saint Roka
 17056 | Orc:2    | Killed Saint Roka
 17057 | Orc:2    | Reached skill level 7 in Air Magic
 17338 | Orc:2    | Reached XP level 14. HP: 124/124 MP: 19/25
 17766 | Orc:2    | Found Uleinib's Armour Emporium.
 17766 | Orc:2    | Found Igromioff's Antique Armour Boutique.
 17767 | Orc:2    | Found Camiuzul's Book Shop.
 17767 | Orc:2    | Found Misuewn's Antique Armour Emporium.
 17777 | Orc:2    | Bought Lehudib's Omnibus of Damage and Spelunking for 570
                  | gold pieces
 17783 | Orc:2    | Learned a level 5 spell: Iskenderun's Battlesphere
 17785 | Orc:2    | Bought a fine leather armour for 196 gold pieces
 17785 | Orc:2    | Identified the +2 leather armour of the Platytaur {Dex+3}
                  | (You bought it in a shop on level 2 of the Orcish Mines)
 17786 | Orc:2    | Bought the +2 troll leather armour of the Arcane {rPois
                  | Regen+ Int+5 Stlth-} for 634 gold pieces
 17809 | Orc:2    | Found a runed translucent gate.
 17809 | Orc:2    | Found a runed translucent gate.
 17809 | Orc:2    | Found a runed translucent gate.
 17809 | Orc:2    | Noticed Konar's ghost (journeyman CoHu)
 17874 | Orc:2    | Reached skill level 8 in Air Magic
 18307 | D:9      | Noticed Maurice
 18327 | D:9      | Killed Maurice
 18949 | D:10     | Entered Level 10 of the Dungeon
 19033 | D:10     | Found a runed translucent gate.
 19033 | D:10     | Found a runed translucent gate.
 19033 | D:10     | Found a runed translucent gate.
 19034 | D:10     | Noticed Vorhees's ghost (journeyman DjCj)
 20221 | D:10     | Identified the +2 pair of boots "Kirorch" {Harm rC+++ Int+5
                  | Dex-3}
 20238 | D:10     | Identified the +8 chain mail "Emanir" {rN+ Str+3}
 20431 | D:11     | Learned a level 4 spell: Airstrike
 20733 | D:11     | Noticed Sonja
 20737 | D:11     | Killed Sonja
 20801 | D:11     | Found Ometzoz's Armour Shop.
 21013 | D:12     | Reached skill level 9 in Air Magic
 21100 | D:12     | Noticed Erolcha
 21157 | D:12     | Found a frozen archway.
 21190 | IceCv    | Entered an ice cave
 21960 | D:12     | Noticed Kirke
 21981 | D:12     | Noticed a sphinx
 22026 | D:11     | Killed Kirke
 22136 | D:12     | Reached XP level 15. HP: 132/132 MP: 26/26
 22222 | D:12     | Killed Erolcha
 23399 | D:13     | Found a gate to the Vaults.
 23798 | D:14     | Reached skill level 10 in Air Magic
 23799 | D:14     | Reached skill level 10 in Conjurations
 24063 | D:14     | Found a portal to a secret trove of treasure.
 24312 | D:14     | Noticed Roxanne
 24549 | D:15     | Entered Level 15 of the Dungeon
 25325 | D:15     | Found a staircase to the Depths.
 26798 | Lair:3   | Reached skill level 1 in Alchemy
 27424 | Spider:1 | Entered Level 1 of the Spider Nest
 27517 | Spider:1 | Learned a level 4 spell: Olgreb's Toxic Radiance
 27802 | Spider:1 | Reached XP level 16. HP: 120/141 MP: 15/29
 28206 | Spider:2 | Reached skill level 5 in Alchemy
 29067 | Spider:2 | Reached skill level 11 in Air Magic
 30319 | Spider:4 | Entered Level 4 of the Spider Nest
 30696 | Spider:4 | Reached skill level 12 in Air Magic
 31226 | Spider:4 | Reached skill level 15 in Shields
 31736 | Spider:4 | Identified the +1 robe "Tuuf" {*Corrode rPois Str-5 Dex+3}
 31772 | Spider:4 | Reached XP level 17. HP: 136/151 MP: 1/32
 32174 | Spider:4 | Got a gossamer rune of Zot
 32324 | Shoals:1 | Entered Level 1 of the Shoals
 32439 | Shoals:1 | Found Himamos's Overcharged Wands.
 32447 | Shoals:1 | Bought a wand of light (18) for 1134 gold pieces
 32457 | Shoals:1 | Found Xosirph's Antique Armour Shoppe.
 32634 | Shoals:1 | Found Tuvatwut's Book Emporium.
 33159 | Shoals:2 | Reached skill level 1 in Maces & Flails
 33246 | Shoals:2 | Noticed Polyphemus
 33710 | Shoals:2 | Killed Polyphemus
 33910 | Shoals:1 | Bought a slimy robe for 171 gold pieces
 33910 | Shoals:1 | Identified the +0 robe of Mumblety Peg {rC+ Str+3 Int-3
                  | Stlth+} (You bought it in a shop on level 1 of the Shoals)
 34200 | Shoals:2 | Learned a level 5 spell: Yara's Violent Unravelling
 34379 | Shoals:3 | Reached skill level 1 in Hexes
 35459 | Shoals:4 | Entered Level 4 of the Shoals
 36192 | Shoals:4 | Got a barnacled rune of Zot
 36295 | Shoals:4 | Found the +10 zealot's sword {holy, Zealotry, *Rage rN+
                  | EV+3}
 36497 | Shoals:4 | Reached skill level 13 in Air Magic
 36989 | Elf:1    | Entered Level 1 of the Elven Halls
 37042 | Elf:1    | Paralysed by an air elemental for 1 turns
 37116 | Elf:1    | Paralysed by an air elemental for 1 turns
 37118 | Elf:1    | Paralysed by an air elemental for 1 turns
 37163 | Elf:1    | Found a runed translucent gate.
 37164 | Elf:1    | Found a runed translucent gate.
 37165 | Elf:1    | Found a runed translucent gate.
 37196 | Elf:1    | Noticed Konar's ghost (adept CoHu)
 37196 | Elf:1    | Noticed Goivuek's ghost (adept CoGl)
 37430 | Elf:1    | Reached XP level 18. HP: 135/162 MP: 25/34
 37537 | Elf:1    | Paralysed by an air elemental for 1 turns
 37635 | Elf:1    | Reached skill level 5 in Hexes
 37759 | Elf:1    | Got the Codex of Familiar Destruction
 37815 | Elf:1    | Reached skill level 15 in Fighting
 38396 | Elf:2    | Paralysed by an air elemental for 1 turns
 38411 | Elf:2    | Found a crumbling gateway.
 38572 | Desolati | Entered the Desolation of Salt
 39090 | Desolati | Identified the ring of Acarofuo {rElec rN+}
 39118 | Desolati | Learned a level 6 spell: Conjure Ball Lightning
 39234 | Desolati | Identified the +8 sling of Dishonesty {freeze, rF+}
 39254 | Desolati | Reached skill level 14 in Air Magic
 39375 | Desolati | Identified the +1 short sword of Plog {drain, rF+ Int+2
                  | Dex+4 Stlth+}
 39885 | Desolati | Identified the ring "Vyziedghio" {rF+ Str+6}
 39979 | Desolati | Identified the orb "Fionui Rauri" {light, rN+ Regen+ Int-5}
 40039 | Desolati | Identified the +1 scale mail "Nihenyc" {Dex+4 Stlth+}
 40119 | Desolati | Identified the +0 leather armour "Laymedgh" {Fly rF- rCorr
                  | Stlth+}
 40849 | Desolati | Identified the ring of False Pretenses {rF- rC+ Str+3 Int+3
                  | Stlth+}
 41239 | Elf:2    | Identified the ring "Soenihix" {rElec rN+ rCorr Str+6}
 41362 | Elf:2    | Reached skill level 15 in Air Magic
 41412 | Elf:2    | Found a runed translucent gate.
 41412 | Elf:2    | Found a runed translucent gate.
 41412 | Elf:2    | Found a runed translucent gate.
 41552 | Elf:2    | Identified the +0 gold dragon scales of Sayfen {rElec rPois
                  | rF+ rC+ MP+9 Int-3 SInv}
 41553 | Elf:2    | Identified the amulet "Ceofeumn" {rF- Regen+ Int+8}
 41554 | Elf:2    | Identified the staff of Usabepuc {^Drain Str+3 Dex+5 Earth}
 41778 | Elf:3    | Entered Level 3 of the Elven Halls
 42966 | Elf:3    | Reached XP level 19. HP: 149/172 MP: 26/38
 43083 | Elf:3    | Reached skill level 10 in Spellcasting
 43360 | Elf:3    | Identified the amulet of Tafuxo {Reflect Harm rPois Will+
                  | Slay-5 SH+5}
 43596 | Elf:3    | Identified the ring "Hubbee" {rElec rC++ rCorr}
 43645 | Elf:3    | Identified the +4 battleaxe of Gin and Tonic {heavy, Str+3}
 43994 | Elf:3    | Identified the +1 halberd of Zin's Grace {freeze, Str+3
                  | Int+5}
 43995 | Elf:3    | Identified the staff of Qastastri {Str+8 Earth}
 44104 | Elf:3    | Learned a level 8 spell: Maxwell's Capacitive Coupling
 44104 | Elf:3    | Upgraded the game from 0.32-a0-450-g080537f31e to
                  | 0.32-a0-468-g38b2580584
 44356 | Vaults:1 | Entered Level 1 of the Vaults
 44368 | Vaults:1 | Identified the +2 robe of the Northern Lights {Rampage rF+
                  | Str+4}
 44368 | Vaults:1 | Noticed Boris
 44410 | Vaults:1 | Reached skill level 16 in Air Magic
 44520 | Vaults:1 | Killed Boris
 44599 | Vaults:1 | Gained mutation: You have hidden genetic potential. [potion
                  | of mutation]
 44599 | Vaults:1 | Gained mutation: Your spells are a little harder to cast,
                  | but a little more powerful. [potion of mutation]
 44599 | Vaults:1 | Gained mutation: You are resistant to electric shocks.
                  | (rElec) [potion of mutation]
 45613 | Vaults:1 | Identified the +2 robe of Erorcha {Harm rPois}
 45857 | Vaults:2 | Identified the serpent talisman of Spaghetti {SInv}
 45857 | Vaults:2 | Noticed Aizul
 45864 | Vaults:2 | Killed Aizul
 46643 | Vaults:2 | Reached skill level 17 in Air Magic
 46643 | Vaults:2 | Reached XP level 20. HP: 182/182 MP: 25/40
 47900 | Vaults:3 | Found a staircase to the Crypt.
 48374 | Vaults:3 | Noticed Mennas
 48748 | Vaults:4 | Gained mutation: You expend magic power (3 MP) to
                  | strengthen your wands. [hidden potential]
 48914 | Vaults:4 | Found Taozil's Assorted Antiques.
 49571 | Vaults:4 | Reached skill level 18 in Air Magic
 49649 | Vaults:4 | Found a runed translucent door.
 49651 | Vaults:4 | Noticed Fieg's ghost (veteran HuWn)
 49799 | Vaults:3 | Killed Mennas
 51056 | Vaults:4 | Identified the staff "Yzinut" {rN+ Will+ Str+3 Necro}
 51592 | Depths:1 | Entered Level 1 of the Depths
 51626 | Depths:1 | Noticed a golden dragon
 51630 | Depths:1 | Killed a golden dragon
 51636 | Depths:1 | Reached XP level 21. HP: 137/193 MP: 27/42
 52071 | Depths:1 | Reached skill level 19 in Air Magic
 52190 | Depths:1 | Found a gateway to Hell.
 52199 | Depths:1 | Found a one-way gate to the infinite horrors of the Abyss.
 52716 | Depths:1 | Found a one-way gateway to a ziggurat.
 53283 | Depths:1 | Gained mutation: You are strong-willed. (Will+) [hidden
                  | potential]
 53283 | Depths:1 | Lost mutation: You have hidden genetic potential. [hidden
                  | potential expressed]
 53424 | Depths:1 | Identified the dragon-blood talisman of Spaghetti {rF+}
 53695 | Depths:1 | Learned a level 3 spell: Swiftness
 53712 | Depths:2 | Reached skill level 5 in Dodging
 54075 | Depths:2 | Noticed a golden dragon
 54079 | Depths:2 | Killed a golden dragon
 54324 | Depths:2 | Noticed a golden dragon
 54339 | Depths:2 | Killed a golden dragon
 54486 | Depths:2 | Identified the +0 chain mail of the Bagpipe {rC+ Dex+5}
 54523 | Depths:2 | Noticed a caustic shrike
 54527 | Depths:2 | Killed a caustic shrike
 54555 | Depths:2 | Reached skill level 10 in Evocations
 54564 | Depths:2 | Found a one-way gate leading to the halls of Pandemonium.
 54977 | Depths:2 | Noticed a caustic shrike
 54983 | Depths:2 | Killed a caustic shrike
 55429 | Depths:2 | Reached XP level 22. HP: 161/202 MP: 25/44
 55446 | Depths:2 | Noticed a caustic shrike
 55449 | Depths:2 | Killed a caustic shrike
 55600 | Depths:2 | Identified the +4 war axe "Leazu" {distort, rC- Str+3
                  | Int+2}
 56406 | Depths:3 | Reached skill level 20 in Air Magic
 56722 | Depths:3 | Noticed a juggernaut
 56723 | Depths:3 | Found a runed translucent door.
 57007 | Depths:3 | Identified the +5 spear of Beusauri {spect, ^Fragile rPois
                  | Will- Dex+5}
 57014 | Depths:3 | Learned a level 5 spell: Freezing Cloud
 57126 | Depths:3 | Identified the +0 chain mail of the Lost Path {rN+ Will+}
 57210 | Depths:3 | Found Ohuofriq's Armour Boutique.
 57639 | Depths:3 | Killed a juggernaut
 57705 | Depths:3 | Learned a level 5 spell: Irradiate
 57743 | Depths:4 | Entered Level 4 of the Depths
 57757 | Depths:4 | Found a magical portal.
 57809 | WizLab   | Entered Zonguldrok's Shrine
 58279 | WizLab   | Noticed an antique champion
 58279 | WizLab   | Noticed an antique champion
 58311 | WizLab   | Killed an antique champion
 58327 | WizLab   | Killed an antique champion
 58381 | WizLab   | Identified the +0 shadow dragon scales "Qychize" {Rampage
                  | *Corrode *Slow Dex+6 Stlth++++}
 58383 | WizLab   | Got Kikubaaqudgha's Textbook on Diablerie
 58385 | WizLab   | Identified the +0 crystal plate armour of Relativism
                  | {^Drain rPois rC+ Str+6}
 58957 | Depths:4 | Identified the orb "Zidapnup" {light, *Corrode Will++ Str-3
                  | SInv}
 58957 | Depths:4 | Noticed Frederick
 58960 | Depths:4 | Killed Frederick
 59025 | Depths:4 | Noticed the Enchantress
 59028 | Depths:4 | Killed the Enchantress
 59566 | Depths:4 | Reached XP level 23. HP: 197/211 MP: 38/45
 59634 | Depths:4 | Found a gate to the Realm of Zot.
 60108 | Slime:1  | Entered Level 1 of the Pits of Slime
 60813 | Slime:5  | Entered Level 5 of the Pits of Slime
 61328 | Slime:5  | Noticed the Royal Jelly
 61332 | Slime:5  | Killed the Royal Jelly
 61802 | Slime:5  | Identified the +0 leather armour of Bamp {rN+ Int+4}
 61811 | Slime:5  | Got the Atlas of Reagents and the Graveyard
 61820 | Slime:5  | Got a slimy rune of Zot
 61822 | Slime:5  | Identified the +2 buckler of the Thistle {Regen+}
 61881 | Slime:5  | Reached skill level 21 in Air Magic
 61983 | Slime:5  | Identified the +2 orcbow of Ducu {speed, rC+++ Will- Str+3
                  | Dex+3}
 61984 | Slime:5  | Identified the ring of Dikhleleo {^Drain Will+ Str+6
                  | Stlth+}
 62004 | Slime:5  | Got the Quarto of the Birds
 62005 | Slime:5  | Identified the +9 quick blade of the Land of Plenty {venom,
                  | rPois rF++}
 62044 | Slime:5  | Identified the +8 orcbow of Usoehipp {drain, Stlth+}
 62079 | Slime:5  | Identified the amulet of Taitojem {Spirit ^Fragile Will-
                  | Str+3 Int+6}
 62080 | Slime:5  | Identified the +0 battleaxe "Beastbane" {venom, Str+4 SInv}
 62095 | Slime:5  | Identified the +1 quarterstaff of Qaschompulix {vamp,
                  | Str+3}
 62695 | D:14     | You showed the slimy rune of Zot to enter a treasure trove
 62696 | Trove    | Entered a treasure trove
 62703 | Trove    | Identified the +0 kite shield "Henuogyd" {rPois Stlth+}
 62704 | Trove    | Identified the ring of Gin and Tonic {+Blink rElec rF-
                  | Will+}
 62710 | Trove    | Identified the +3 dagger "Dragon's Curse" {antimagic, Fly
                  | rElec}
 62712 | Trove    | Identified the ring of Modesty {Fire rElec rN+ Str+2}
 62714 | Trove    | Identified the +5 glaive of Agony {pain, rF+ rC+ Int+3}
 62719 | Trove    | Identified the ring of Baneud {rC+ rN+ Int+3}
 62729 | Trove    | Identified the +2 dagger of Arbitration {heavy, Will+ SInv}
 62944 | Vaults:5 | Entered Level 5 of the Vaults
 63535 | Vaults:5 | Reached skill level 10 in Dodging
 63743 | Vaults:5 | Identified the +1 chain mail of the Great Game {rElec
                  | Dex+2}
 63776 | Vaults:5 | Identified the +1 quarterstaff "Pisolaiq" {freeze, ^Drain
                  | +Blink rPois Stlth+}
 63983 | Vaults:5 | Noticed a dread lich
 63987 | Vaults:5 | Killed a dread lich
 64088 | Vaults:5 | Noticed an ancient lich
 64095 | Vaults:5 | Killed an ancient lich
 64188 | Vaults:5 | Identified the +10 plate armour of Liberalism {Dex+2}
 64343 | Vaults:5 | Reached XP level 24. HP: 221/221 MP: 40/46
 64511 | Vaults:5 | Got a silver rune of Zot
 64514 | Vaults:5 | Identified the +0 robe of the Valley of Death {Int+5 Dex+4}
 64516 | Vaults:5 | Identified the +2 ring mail of the Little Devil {Dex+5}
 64994 | Vaults:5 | Got the Compendium of Graupel
 65217 | Vaults:5 | Found Piodghoa's Assorted Antiques.
 65225 | Vaults:5 | Identified the +0 pair of boots "Viygias" {Str+3 Int+3
                  | Dex-2 Slay+5}
 65581 | Vaults:5 | Noticed an ancient lich
 65587 | Vaults:5 | Killed an ancient lich
 65734 | Vaults:5 | Identified the +2 orcbow of Senlema {speed, MP+9}
 66075 | Zot:1    | Entered Level 1 of the Realm of Zot
 66101 | Zot:2    | Noticed an orb of fire
 66109 | Zot:2    | Killed an orb of fire
 66561 | Zot:1    | Reached skill level 1 in Armour
 66763 | Zot:5    | Entered Level 5 of the Realm of Zot
 67837 | Zot:5    | Noticed a Killer Klown
 67847 | Zot:5    | Killed a Killer Klown
 67974 | Zot:5    | Noticed an ancient lich
 67978 | Zot:5    | Killed an ancient lich
 68028 | Zot:5    | Noticed a dread lich
 68037 | Zot:5    | Reached skill level 22 in Air Magic
 68044 | Zot:5    | Killed a dread lich
 68190 | Zot:5    | Noticed an orb of fire
 68192 | Zot:5    | Gained mutation: You occasionally lose the ability to read
                  | scrolls when taking damage. [an orb of fire]
 68193 | Zot:5    | Killed an orb of fire
 68217 | Zot:5    | Lost mutation: You are resistant to electric shocks.
                  | (rElec) [potion of mutation]
 68217 | Zot:5    | Lost mutation: You occasionally lose the ability to read
                  | scrolls when taking damage. [potion of mutation]
 68217 | Zot:5    | Lost mutation: You expend magic power (3 MP) to strengthen
                  | your wands. [potion of mutation]
 68217 | Zot:5    | Gained mutation: You are vulnerable to heat. (rF-) [potion
                  | of mutation]
 68217 | Zot:5    | Gained mutation: You are weak. (Str -2) [potion of
                  | mutation]
 68217 | Zot:5    | Gained mutation: You are partially covered in iridescent
                  | scales. (AC +2) [potion of mutation]
 68218 | Zot:5    | Lost mutation: You are strong-willed. (Will+) [potion of
                  | mutation]
 68218 | Zot:5    | Lost mutation: You are partially covered in iridescent
                  | scales. (AC +2) [potion of mutation]
 68218 | Zot:5    | Gained mutation: You passively map a small area around you.
                  | [potion of mutation]
 68219 | Zot:5    | Lost mutation: You are weak. (Str -2) [potion of mutation]
 68219 | Zot:5    | Lost mutation: Your spells are a little harder to cast, but
                  | a little more powerful. [potion of mutation]
 68219 | Zot:5    | Gained mutation: You sometimes lose your temper in combat.
                  | [potion of mutation]
 68219 | Zot:5    | Gained mutation: Your spells are a little easier to cast,
                  | but a little less powerful. [potion of mutation]
 68220 | Zot:5    | Lost mutation: You sometimes lose your temper in combat.
                  | [potion of mutation]
 68220 | Zot:5    | Lost mutation: Your spells are a little easier to cast, but
                  | a little less powerful. [potion of mutation]
 68220 | Zot:5    | Lost mutation: You are vulnerable to heat. (rF-) [potion of
                  | mutation]
 68220 | Zot:5    | Gained mutation: Your mind is acute. (Int +4, Str/Dex -1)
                  | [potion of mutation]
 68220 | Zot:5    | Gained mutation: You are partially covered in large bone
                  | plates. (SH +4) [potion of mutation]
 68220 | Zot:5    | Gained mutation: Your muscles are strong. (Str +4, Int/Dex
                  | -1) [potion of mutation]
 68251 | Zot:5    | Noticed an orb of fire
 68251 | Zot:5    | Gained mutation: You are vulnerable to cold. (rC-) [an orb
                  | of fire]
 68255 | Zot:5    | Killed an orb of fire
 68263 | Zot:5    | Noticed a dread lich
 68265 | Zot:5    | Noticed an orb of fire
 68268 | Zot:5    | Killed an orb of fire
 68268 | Zot:5    | Noticed a Killer Klown
 68296 | Zot:5    | Killed a dread lich
 68300 | Zot:5    | Killed a Killer Klown
 68301 | Zot:5    | Reached skill level 15 in Evocations
 68492 | Zot:5    | Noticed an orb of fire
 68496 | Zot:5    | Killed an orb of fire
 68528 | Zot:5    | Reached XP level 25. HP: 185/231 MP: 42/47
 68607 | Zot:5    | Noticed an ancient lich
 68608 | Zot:5    | Noticed an orb of fire
 68610 | Zot:5    | Killed an orb of fire
 68620 | Zot:5    | Killed an ancient lich
 68749 | Zot:5    | Noticed an orb of fire
 68757 | Zot:5    | Killed an orb of fire
 68855 | Zot:5    | Noticed a dread lich
 68859 | Zot:5    | Killed a dread lich
 68990 | Zot:5    | Noticed an ancient lich
 68994 | Zot:5    | Killed an ancient lich
 69005 | Zot:5    | Noticed an orb of fire
 69010 | Zot:5    | Killed an orb of fire
 69112 | Zot:5    | Noticed an orb of fire
 69116 | Zot:5    | Killed an orb of fire
 69225 | Zot:5    | Got the Orb of Zot
 69654 | D:12     | Noticed Nocowaco the pandemonium lord
 69825 | D:3      | Noticed a seraph
 69935 | D:$      | Escaped with the Orb!

Illustrated notes

Levels and vault maps discovered:
D:1:      sevenhm_arrival_forest_fort_large_4, layout_loops_ring,
          shapermc_ecumenical_altar_venn
D:2:      layout_rooms, nicolae_titane
D:3:      layout_basic, grunt_ministairs_6, hangedman_decor_growths,
          minmay_divided_ellipse
D:4:      layout_loops_corners, serial_library_regret_index_split_case,
          uniq_robin
D:5:      layout_rooms, gammafunk_temple_overflow_forgotten, lemuel_round_altar,
          minmay_temple_entry_fiery
D:6:      layout_loops_ring, nicolae_gozag_seed_capital, xom_teletrap_fun,
          nicolae_ru_great_annihilating_truth
D:7:      layout_cave_pools, serial_glass, glass_columns_a, glass_columns_a,
          due_unseen_surprise, item_on_display_a, uniq_prince_ribbit1,
          uniq_crazy_yiuf_cottage
D:8:      layout_basic, lair_entry_dummy, uniq_grum
D:9:      layout_loops_ring, erik_orc_2, uniq_maurice, uniq_amaemon
D:10:     kennysheep_kobold_lugonu_temple, layout_cave_pods, serial_demonic,
          serial_demonic_c, serial_demonic_f, serial_demonic_g,
          serial_demonic_b, serial_demonic_d, serial_demonic_g,
          serial_demonic_c, serial_demonic_b, serial_demonic_g,
          serial_demonic_a, gammafunk_ghost_necromancy, nicolae_doodle_vault
D:11:     nicolae_moon_pools, layout_rooms, serial_shops,
          nicolae_shop_scrapyard, chequers_serial_rivers_room_b, uniq_sonja
D:12:     layout_roguey, portal_ice_cave_rime, minmay_shattered_shrine,
          uniq_erolcha, uniq_kirke
D:13:     layout_loops_cross, david_vaults_4, cheibrodos_ashenzari_chains
D:14:     layout_cave_pools, enter_trove_2, serial_bayou_pond_a, uniq_roxanne
D:15:     hellmonk_depths_entry_around_the_bend, layout_basic, special_room
          [special_room_bee]
Lair:1:   layout_long_grid, lemuel_fruit_fields, lemuel_fruit_fields,
          lemuel_fruit_tree, serial_bayou_shore_a
Lair:2:   layout_cave_pods
Lair:3:   nzn_winding_woodlands_stair_cross [nzn_winding_woodlands_5x15_default,
          nzn_winding_woodlands_center_triple_pond,
          nzn_winding_woodlands_5x15_default, nzn_winding_woodlands_5x5_three,
          nzn_winding_woodlands_5x5_checkerboard,
          nzn_winding_woodlands_5x15_pockets,
          nzn_winding_woodlands_center_garden,
          nzn_winding_woodlands_5x15_default], layout_big_grid,
          minmay_shoals_entry_beasts, hellmonk_spider_entry_not_the_bees,
          grunt_forest_small_clearing_treed, uniq_rupert
Lair:4:   layout_big_grid, slime_entry_1, infiniplex_staircase_pool_2,
          serial_bayou_shore_b
Lair:5:   grunt_lair_end_beastmaster, layout_regular_city
Shoals:1: layout_shoals, serial_shops, shop, nicolae_take_the_stairs,
          nicolae_shop_overcharged_wands
Shoals:2: layout_shoals, uniq_polyphemus
Shoals:3: layout_shoals, nicolae_shoals_so_close
Shoals:4: shoals_end_simple, layout_shoals
Spider:1: layout_spider_delve
Spider:2: layout_spider_delve
Spider:3: layout_spider_delve
Spider:4: grunt_spider_rune_parallel
Slime:1:  layout_caves
Slime:2:  cheibrodos_slime_lost_civilization_10, layout_caves
Slime:3:  layout_caves, basic_altar
Slime:4:  layout_caves
Slime:5:  slime_pit_nicolae_trefoil
Orc:1:    layout_caves, basic_altar, uniq_harold, uniq_urug
Orc:2:    st_orc_ogre_mass, layout_caves, gauntlet_entry_generic, basic_altar,
          gammafunk_ghost_fury_of_okawaru, mines1_david, uniq_saint_roka,
          uniq_jorgrun
Elf:1:    eino_elf_arrival_the_gate, layout_gridlike, gammafunk_ghost_cemetery,
          minmay_elf_sorcery, grunt_megastairs_1
Elf:2:    elven_hall_of_blades_hangedman_original
          [nicolae_blade_entry_hurt_lockers], layout_geoelf_octagon,
          portal_desolation_entry_holy_temple,
          minmay_checkered_concentric_circles, uniq_norris
Elf:3:    minmay_elf_hall_four_x, layout_onion_city
Vaults:1: ontoclasm_vaults_idyll, nicolae_vaults_what_the_h,
          vaults_room_grunt_arrival_checkpoint, st_hourglassy,
          nicolae_vaults_heist, nicolae_vaults_double_plus_1, vaults_room_pool,
          vaults_mumra_chevron_long, hangedman_vaults_slice,
          hangedman_vaults_pinch, hangedman_vaults_maws, nicolae_vaults_house_2,
          nicolae_vaults_double_plus_2, layout_vaults_big_cross, uniq_boris
Vaults:2: vaults_mumra_hex, vaults_dpeg_ring, vaults_mumra_lcd,
          ontoclasm_vaults_idyll, v_misc_16, nicolae_vaults_sightless_eye,
          ontoclasm_vaults_idyll, grunt_vaults_hallway_short,
          nicolae_vaults_lightning_bolt, nicolae_vaults_storage_room_glass,
          vaults_mumra_hexcomb, nicolae_vaults_three_branches,
          vaults_room_pools, layout_vaults_big_room, uniq_aizul
Vaults:3: minmay_crypt_entry_vampire_xt, hangedman_vaults_trim,
          hangedman_vaults_river_flow, nicolae_vaults_bisected_exclaves,
          hangedman_vaults_maws, v_misc_30, ontoclasm_vaults_gateway,
          v_alt_pattern_6, nicolae_vaults_little_squares_3,
          nicolae_vaults_trapezoid_1, nicolae_vaults_little_squares_5,
          vaults_room_fancy_cross, nicolae_vaults_quadrants,
          vaults_room_semicircle, v_misc_22, layout_vaults_omnibox, uniq_mennas
Vaults:4: ebering_ghost_reflecting_pool, st_greater_box_2,
          nicolae_vaults_little_ls, nicolae_vaults_little_squares_1,
          vaults_room_door_hall, nicolae_vaults_big_ls,
          vaults_room_grunt_arrival_ludios, nicolae_vaults_asterisk,
          nicolae_vaults_house_3, vaults_room_pools, v_misc_19,
          nicolae_vaults_network_quinsquares
          [nicolae_vaults_network_quincunx_subvault,
          nicolae_vaults_network_quincunx_subvault,
          nicolae_vaults_network_quincunx_subvault,
          nicolae_vaults_network_quincunx_subvault],
          nicolae_vaults_specimen_jars, nicolae_vaults_tetromino_L_2,
          vaults_room_fours, nicolae_vaults_tetromino_Z_1,
          nicolae_vaults_little_squares_6, layout_vaults_maze, serial_shops,
          nicolae_shop_tiny_real_fake_doors
Vaults:5
Depths:1: layout_honeycomb, enter_ziggurat_b, chequers_big_river, hellmouth_2,
          abyss_entry, nicolae_kite_square_tiling_tiny,
          nicolae_yredelemnul_corpse_copse
Depths:2: grunt_profane_halls [grunt_profane_loot, grunt_profane_temple_geh,
          grunt_profane_temple_tar, grunt_profane_temple_coc,
          grunt_profane_temple_dis], hell_entry, pan_entry
Depths:3: minmay_gate_of_8, layout_cave_shapes, hangedman_coc_ice_floe,
          hangedman_abyss_entry_splay, serial_shops, nicolae_lakefront_shop,
          serial_sigils, serial_sigils_hangedman_leer,
          serial_sigils_hangedman_stare, serial_sigils_hangedman_gnaw,
          serial_sigils_hangedman_scar, serial_sigils_hangedman_gut, pan_entry,
          nicolae_the_louvre, due_unseen_surprise
Depths:4: evilmike_zot_entry_round, layout_small_grid, pf_hell_entry_tar_river,
          mu_enter_wizlab_6, kennysheep_random_hallway, uniq_enchantress,
          uniq_frederick
Zot:1:    layout_concentric_octagons
Zot:2:    layout_onion, lemuel_elevator
Zot:3:    layout_gridville, hangedman_zot_decor_checkerboard
Zot:4:    layout_onion_interference
Zot:5:    layout_basic

Skill      XL: |  1  2  3  4  5  6  7  8  9 10 11 12 13 14 15 16 17 18 19 20 21 22 23 24 25 |
---------------+----------------------------------------------------------------------------+-----
Conjurations   | 1 2 3 4 5 6 7 8 9 10 | 10.8
Earth Magic    | 3 4 5 6 7 8 |  8.0
Spellcasting   | 2 3 4 5 7 9 11 12 13 14 | 14.3
Shields        | 1 2 3 4 6 8 9 11 12 13 14 15 16 17 18 | 18.8
Fighting       | 1 2 3 4 7 9 10 11 12 13 14 15 16 17 18 19 | 19.9
Stealth        | 2 4 6 8 9 |  9.1
Evocations     | 3 4 6 7 8 10 12 13 15 | 15.6
Air Magic      | 3 7 9 10 12 13 15 17 18 19 20 21 22 | 22.5
Dodging        | 3 4 6 8 10 12 13 | 13.0
Alchemy        | 4 7 9 |  9.0
Maces & Flails | 1 |  1.6
Hexes          | 4 5 |  5.0
Armour         | 3 4 |  4.6

Action                     |  1- 3 |  4- 6 |  7- 9 | 10-12 | 13-15 | 16-18 | 19-21 | 22-24 | 25-27 || total
---------------------------+-------+-------+-------+-------+-------+-------+-------+-------+-------++-------
  Melee: Flail             |       |     2 |     7 |    25 |    91 |    65 |       |       |       ||   190
         Short sword       |       |       |       |       |       |       |    16 |     4 |     2 ||    22
   Cast: Sandblast         |    50 |    76 |       |       |       |       |       |       |       ||   126
         Stone Arrow       |       |    21 |   124 |   329 |   928 |   470 |     1 |       |       ||  1873
         Brom's Barrelling |       |       |       |    61 |    46 |       |       |       |       ||   107
         Arcjolt           |       |       |       |       |    24 |    24 |     2 |     5 |     2 ||    57
         Iskenderun's Batt |       |       |       |       |    56 |    88 |     6 |    11 |       ||   161
         Airstrike         |       |       |       |       |    10 |   433 |   179 |   100 |     5 ||   727
         Olgreb's Toxic Ra |       |       |       |       |     5 |   307 |    66 |    13 |       ||   391
         Conjure Ball Ligh |       |       |       |       |       |    31 |   229 |    82 |     8 ||   350
         Yara's Violent Un |       |       |       |       |       |     8 |     4 |     8 |     1 ||    21
         Maxwell's Capacit |       |       |       |       |       |       |   123 |   317 |    43 ||   483
         Irradiate         |       |       |       |       |       |       |       |    32 |     4 ||    36
  Evoke: Wand              |       |       |       |       |    17 |    11 |     7 |     5 |       ||    40
         Phantom mirror    |       |       |       |       |     1 |     3 |     2 |     1 |       ||     7
         Lightning rod     |       |       |       |       |       |     3 |       |       |       ||     3
         Phial of floods   |       |       |       |       |       |     1 |     2 |       |       ||     3
         Box of beasts     |       |       |       |       |       |     2 |     4 |     2 |       ||     8
         Condenser vane    |       |       |       |       |       |       |     1 |       |       ||     1
    Use: Scroll            |     1 |     9 |     7 |     7 |    14 |    16 |    11 |    12 |     1 ||    78
         Potion            |       |       |       |       |     8 |     7 |    11 |    12 |     4 ||    42
   Stab: Distracted        |       |       |       |       |       |     1 |       |       |       ||     1
         Sleeping          |       |       |       |       |       |       |       |     1 |       ||     1
 Armour: Robe              |     9 |    16 |     9 |     8 |       |       |       |       |       ||    42
         Steam dragon scal |       |       |       |    59 |    20 |       |       |       |       ||    79
         Troll leather arm |       |       |       |       |   223 |   379 |   512 |   402 |    43 ||  1559
         Leather armour    |       |       |       |       |    44 |       |       |       |       ||    44
  Dodge: Dodged            |    11 |     8 |     9 |    28 |   134 |   137 |    48 |    98 |    14 ||   487
  Block: Buckler           |     1 |     3 |       |       |       |       |       |       |       ||     4
         Kite shield       |       |       |    39 |   169 |   598 |   559 |   258 |   282 |    42 ||  1947

Table legend: (Time is in decaauts)
 A = Elapsed time spent in this place.
 B = Non-inter-level travel time spent in this place.
 C = Inter-level travel time spent in this place.
 D = Time resting spent in this place.
 E = Time spent auto-exploring this place.
 F = Levels seen in this place.
 G = Mean time per level.
                   A        B        C        D        E       F      G
               +--------+--------+--------+--------+--------+-----+--------+
         Total |  70266 |  64906 |   5360 |  22977 |  25945 |  57 | 1232.7 |
       Dungeon |  17828 |  15951 |   1877 |   4610 |   8267 |  15 | 1188.5 |
          Lair |   8006 |   7061 |    945 |   2331 |   2844 |   5 | 1601.2 |
        Shoals |   4723 |   4396 |    327 |   1700 |   1779 |   4 | 1180.8 |
   Spider Nest |   4893 |   4621 |    272 |   2031 |   1622 |   4 | 1223.2 |
    Slime Pits |   2243 |   2168 |     75 |   1121 |    212 |   5 |  448.6 |
  Orcish Mines |   2504 |   2343 |    161 |    840 |    853 |   2 | 1252.0 |
   Elven Halls |   4700 |   4439 |    261 |   1440 |   1937 |   3 | 1566.7 |
        Vaults |  10067 |   9464 |    603 |   3061 |   4172 |   5 | 2013.4 |
        Depths |   7934 |   7362 |    572 |   2664 |   2871 |   4 | 1983.5 |
           Zot |   3022 |   2759 |    263 |   1292 |    537 |   5 |  604.4 |
         Trove |     54 |     54 |      0 |      0 |      5 |   1 |   54.0 |
      Ice Cave |    586 |    586 |      0 |    233 |    202 |   1 |  586.0 |
        Wizlab |    623 |    623 |      0 |    305 |     84 |   1 |  623.0 |
    Desolation |   2526 |   2526 |      0 |   1227 |    341 |   1 | 2526.0 |
      Gauntlet |    550 |    550 |      0 |    120 |    218 |   1 |  550.0 |
               +--------+--------+--------+--------+--------+-----+--------+

Top non-repeatable levels by time:
Vaults:5: 2763 daAuts
Desolation: 2526 daAuts
Depths:2: 2489 daAuts
   Elf:3: 2364 daAuts
Depths:1: 2356 daAuts
   Zot:5: 2203 daAuts
  Lair:5: 2096 daAuts
Vaults:4: 2051 daAuts
    D:15: 1987 daAuts
Spider:4: 1942 daAuts
Vaults:2: 1813 daAuts
  Lair:3: 1742 daAuts
Vaults:1: 1730 daAuts
  Lair:2: 1712 daAuts
Vaults:3: 1709 daAuts
